Description

Cheese

Replay - Gold 1 zvz

Build Order

Get SALT Encoding   

  12  0:01  Drone  
  13  0:12  Overlord  
  13  0:17  Drone  
  14  0:32  Drone x2  
  16  0:50  Hatchery  
  16  0:53  Drone x2  
  17  1:13  Spawning Pool  
  17  1:16  Extractor  
  17  1:17  Drone x2  
  16  1:25  Drone  
  18  1:33  Drone  
  20  1:51  Overlord  
  20  2:00  Queen x2  
  28  2:19  Metabolic Boost  
  28  2:23  Zergling x6  
  31  2:42  Zergling x2  
  32  2:49  Zergling x4  
  34  2:56  Zergling x4  
  36  3:03  Baneling Nest  
  35  3:06  Zergling x4, Extractor  
  36  3:24  Overlord x2  
  36  3:32  Overlord  
  36  3:45  Hatchery  
  40  4:12  Evolution Chamber  
  45  4:26  Baneling x3  
  52  5:05  Baneling  
  53  5:10  Lair  
Spawning Tool Build Advisor. Get it on Overwolf

Go to:

Details

  • Created by: Ultimapwn
  • Published on: Dec 01, 2017
  • Modified on: Dec 01, 2017
  • Patch: 4.0.0
Show
View Real Time Build Order
Export as new Build Order

Comments (1)

On March 4, 2018, 4:19 a.m., ustus  said:

I can't call this build a cheese

Create an account to comment!